Vegas Golden Knights vs Washington Capitals (R1)

Created - Sunday, January 25, 2026 at 08:26

Goals
1 2 3 T
Vegas Golden Knights 0 1 1 2
Washington Capitals 3 1 1 5
Shots
1 2 3 T
Vegas Golden Knights 11 10 4 25
Washington Capitals 12 11 10 33

1st period

1. Washington Capitals , Shane Pinto 6 (Tom Wilson 7) at 0:38 (PP)
2. Washington Capitals , Ian Cole 1 (Marco Rossi 7, Stefan Noesen 3) at 4:09
3. Washington Capitals , Shane Pinto 7 (Tyler Myers 4, Alex Ovechkin 7) at 6:42

Penalties :
Sean Monahan (VGK) for Tripping (Minor) at 0:34, Zach Bogosian (VGK) for Cross-checking (Minor) at 8:52, Tyler Myers (WSH) for Interference (Minor) at 12:05

2nd period

4. Washington Capitals , Frederick Gaudreau 4 (Marco Rossi 8) at 3:30
5. Vegas Golden Knights , Andreas Athanasiou 1 (Anthony Mantha 2, Jordan Staal 3) at 6:07

Penalties :
Ian Cole (WSH) for Tripping (Minor) at 18:54, Mika Zibanejad (VGK) for Cross-checking (Minor) at 19:25

3rd period

6. Vegas Golden Knights , Jordan Staal 3 (Reilly Smith 2, Erik Johnson 2) at 1:14 (SH)
7. Washington Capitals , Drake Batherson 5 (Tomas Hertl 5) at 2:18 (PP)

Penalties :
Mika Zibanejad (VGK) for Interference (Minor) at 2:16, Ian Cole (WSH) for Holding Stick (Minor) at 3:33, Zach Bogosian (VGK) for Slashing (Minor) at 6:31, Tyler Myers (WSH) for Roughing (Minor) at 6:50, Mika Zibanejad (VGK) for Holding Stick (Minor) at 15:43

Goalie Stats

Philipp Grubauer (VGK), 28 saves from 33 shots - (0.848), L, 1-2-1, 60:00 minutes
Jake Oettinger (WSH), 23 saves from 25 shots - (0.920), W, 4-1-1, 60:00 minutes

Players Stats for Vegas Golden Knights

Player Name              G  A  P  +/- PIM S  H  SB GA TA FO     MP     PP MP  PK MP  
------------------------------------------------------------------------------------
Andreas Athanasiou       1  0  1   1  0   1  0  0  0  0  3/8    10:42   0:00   2:12 
Anthony Mantha           0  1  1   1  0   1  1  0  1  1  1/1    11:26   2:23   0:00 
Auston Matthews          0  0  0  -1  0   3  0  1  0  0  1/1    17:01   2:10   0:30 
Bryan Rust               0  0  0  -1  0   3  2  1  1  1  0/2    19:30   2:29   0:00 
Erik Johnson             0  1  1   1  0   0  1  0  0  1  0/0    17:42   0:00   2:57 
Jack Johnson             0  0  0   1  0   0  2  1  0  0  0/0    17:41   0:00   2:58 
Jared McCann             0  0  0  -1  0   0  1  0  0  0  0/0    13:30   2:13   0:09 
Jordan Staal             1  1  2   0  0   4  2  0  0  1  8/13   14:11   0:06   2:15 
Mathew Barzal            0  0  0  -1  0   0  0  0  0  0  0/1    15:09   2:12   0:57 
Mathieu Olivier          0  0  0   1  0   0  1  1  0  0  0/2    10:43   0:00   2:12 
Mika Zibanejad           0  0  0  -1  6   3  3  1  0  0  9/17   15:28   2:09   0:00 
Reilly Smith             0  1  1   0  0   2  0  0  0  0  0/0    14:54   0:06   2:15 
Roman Josi               0  0  0  -2  0   1  1  1  0  0  0/0    22:01   2:25   0:51 
Sean Monahan             0  0  0  -1  2   3  4  0  0  0  12/17  20:08   2:32   0:00 
Thomas Chabot            0  0  0   0  0   0  1  0  1  2  0/0    23:23   2:42   1:15 
Travis Hamonic           0  0  0   0  0   0  0  0  0  3  0/0    17:02   0:00   1:01 
Tyler Toffoli            0  0  0  -1  0   4  1  0  0  0  1/4    13:14   2:13   0:00 
Zach Bogosian            0  0  0  -2  4   0  2  4  0  1  0/0    18:07   0:19   0:04 

Players Stats for Washington Capitals

Player Name              G  A  P  +/- PIM S  H  SB GA TA FO     MP     PP MP  PK MP  
------------------------------------------------------------------------------------
Alex Ovechkin            0  1  1   0  0   2  0  0  3  0  0/0    17:14   2:45   0:02 
Drake Batherson          1  0  1   0  0   3  0  0  1  0  0/0     8:31   2:05   0:00 
Frederick Gaudreau       1  0  1   2  0   4  1  0  1  0  2/2    18:08   0:00   2:16 
Ian Cole                 1  0  1   2  4   2  0  0  1  0  0/0    17:01   1:03   1:00 
Jamie Oleksiak           0  0  0   0  0   1  1  1  0  1  0/0    23:22   0:21   2:27 
Jason Robertson          0  0  0  -1  0   3  2  0  0  0  0/1    15:54   1:59   0:00 
John Carlson             0  0  0   0  0   1  0  0  0  0  0/0    24:07   1:40   2:07 
Lars Eller               0  0  0   0  0   1  1  0  0  0  3/6     7:51   0:33   0:00 
Marco Rossi              0  2  2   2  0   1  0  1  0  0  4/13   13:30   2:38   0:00 
Nick Foligno             0  0  0  -1  0   1  0  1  2  0  0/1    19:38   1:15   2:16 
Nick Jensen              0  0  0  -1  0   2  2  1  0  0  0/0    17:39   0:56   1:28 
Nikita Zadorov           0  0  0  -1  0   1  2  4  1  1  0/0    15:50   0:00   1:13 
Sean Kuraly              0  0  0   0  0   0  0  0  0  0  0/1     7:31   0:25   0:12 
Shane Pinto              2  0  2   0  0   2  2  1  0  0  13/25  20:00   2:44   2:20 
Stefan Noesen            0  1  1   2  0   2  1  0  1  0  0/0    12:58   0:50   0:00 
Tom Wilson               0  1  1   0  0   4  3  0  0  0  0/0    18:09   2:46   2:30 
Tomas Hertl              0  1  1  -1  0   2  1  0  0  1  9/17   13:49   1:15   0:00 
Tyler Myers              0  1  1   2  4   1  2  2  0  0  0/0    20:48   1:14   1:21 

3 Stars

1 - Shane Pinto (WSH)
2 - Frederick Gaudreau (WSH)
3 - Marco Rossi (WSH)

Power Play

Vegas Golden Knights - 0 on 4 Attempt(s) - 0.00%
Washington Capitals - 2 on 6 Attempt(s) - 33.33%

Penalty Kill

Vegas Golden Knights - 4 on 6 Attempt(s) - 66.67% - Score 1 goal in Penalty Kill
Washington Capitals - 4 on 4 Attempt(s) - 100.00% - Score 0 goal in Penalty Kill

Team Stat

Vegas Golden Knights - Hits : 22 - Faceoff Wins : 35 - Blocked Shots : 10 - Penalty Minutes : 12
Washington Capitals - Hits : 18 - Faceoff Wins : 31 - Blocked Shots : 11 - Penalty Minutes : 8

Official

Referees : Chris Rooney and Justin Kea
Linesman : Jonathan Deschamps and Michel Cormier

Game Notes

No Game Note

Finance

Level 1 -- Attendance: 6000 (100.00%) -- Ticket Income $570,000
Level 2 -- Attendance: 5000 (100.00%) -- Ticket Income $260,000
Level 3 -- Attendance: 2507 (83.57%) -- Ticket Income $87,745
Level 4 -- Attendance: 4890 (97.80%) -- Ticket Income $107,580
Luxury Box -- Attendance: 874 (87.40%) -- Ticket Income $166,060
Game was played at the Verizon Center.
Total Attendance: 19271 (96.36%)
Total Ticket Income: $1,191,385
Other Income: $416,985
Total Income: $1,608,370

Vegas Golden Knights

5 vs 5 Forward 
   Center                   Left Wing                Right Wing               Time % Phy DF OF 
 1 Mika Zibanejad           Auston Matthews          Bryan Rust               30     1   2  2  
 2 Sean Monahan             Jared McCann             Tyler Toffoli            30     1   2  2  
 3 Jordan Staal             Mathew Barzal            Reilly Smith             25     1   2  2  
 4 Andreas Athanasiou       Anthony Mantha           Mathieu Olivier          15     1   2  2  

5 vs 5 Defense 
   Defense                  Defense                                           Time % Phy DF OF 
 1 Roman Josi               Zach Bogosian                                     35     1   2  2  
 2 Thomas Chabot            Travis Hamonic                                    35     1   2  2  
 3 Jack Johnson             Erik Johnson                                      30     1   2  2  
 4 Roman Josi               Thomas Chabot                                     0      1   2  2  

PowerPlay Forward 
   Center                   Left Wing                Right Wing               Time % Phy DF OF 
 1 Mika Zibanejad           Auston Matthews          Bryan Rust               50     1   2  2  
 2 Sean Monahan             Jared McCann             Tyler Toffoli            50     1   2  2  

PowerPlay Defense
   Defense                  Defense                                           Time % Phy DF OF 
 1 Mathew Barzal            Roman Josi                                        50     1   2  2  
 2 Anthony Mantha           Thomas Chabot                                     50     1   2  2  

Penalty Kill 4 Players Forward 
   Center                   Wing                     Time % Phy DF OF 
 1 Jordan Staal             Reilly Smith             50     1   2  2  
 2 Andreas Athanasiou       Mathieu Olivier          50     1   2  2  

Penalty Kill 4 Players Defense
   Defense                  Defense                  Time % Phy DF OF 
 1 Thomas Chabot            Zach Bogosian            50     1   2  2  
 2 Jack Johnson             Erik Johnson             50     1   2  2  

Penalty Kill - 3 Players Forward 
   Forward                                           Time % Phy DF OF 
 1 Jordan Staal                                      50     1   2  2  
 2 Andreas Athanasiou                                50     1   2  2  

Penalty Kill - 3 Players Defense
   Defense                  Defense                  Time % Phy DF OF 
 1 Thomas Chabot            Zach Bogosian            50     1   2  2  
 2 Jack Johnson             Erik Johnson             50     1   2  2  

4 vs 4 Forward 
   Center                   Wing                     Time % Phy DF OF 
 1 Mika Zibanejad           Auston Matthews          50     1   2  2  
 2 Sean Monahan             Bryan Rust               50     1   2  2  

4 vs 4 Defense
   Defense                  Defense                  Time % Phy DF OF 
 1 Roman Josi               Zach Bogosian            50     1   2  2  
 2 Thomas Chabot            Travis Hamonic           50     1   2  2  

Last Minutes Offensive
   Center                   Left Wing                Right Wing               Defense                  Defense                  
   Mika Zibanejad           Auston Matthews          Bryan Rust               Roman Josi               Thomas Chabot            

Last Minutes Defensive
   Center                   Left Wing                Right Wing               Defense                  Defense                  
   Jordan Staal             Auston Matthews          Bryan Rust               Thomas Chabot            Zach Bogosian            

Goaltenders
Starting : Philipp Grubauer         
Backup : Mackenzie Blackwood      

Extra Forwards
Normal : Sean Monahan, Auston Matthews, Mika Zibanejad - PP : Jordan Staal, Reilly Smith - PK : Auston Matthews
Extra Defensemen
Normal : Thomas Chabot, Roman Josi, Zach Bogosian - PP : Thomas Chabot - PK : Roman Josi, Thomas Chabot
Penalty Shots
Auston Matthews, Mika Zibanejad, Bryan Rust, Sean Monahan, Tyler Toffoli

Scratches
Brendan Smith (Healthy), Shea Theodore (Torso Injury), Cole Smith (Healthy)

Washington Capitals

5 vs 5 Forward 
   Center                   Left Wing                Right Wing               Time % Phy DF OF 
 1 Shane Pinto              Alex Ovechkin            Tom Wilson               30     0   2  3  
 2 Tomas Hertl              Jason Robertson          Nick Foligno             29     0   2  3  
 3 Marco Rossi              Frederick Gaudreau       Stefan Noesen            28     0   2  3  
 4 Lars Eller               Sean Kuraly              Drake Batherson          13     0   2  3  

5 vs 5 Defense 
   Defense                  Defense                                           Time % Phy DF OF 
 1 John Carlson             Jamie Oleksiak                                    37     0   3  2  
 2 Tyler Myers              Ian Cole                                          34     0   3  2  
 3 Nikita Zadorov           Nick Jensen                                       29     1   3  1  
 4 Nikita Zadorov           Nick Jensen                                       0      1   2  2  

PowerPlay Forward 
   Center                   Left Wing                Right Wing               Time % Phy DF OF 
 1 Shane Pinto              Alex Ovechkin            Tom Wilson               50     0   1  4  
 2 Tomas Hertl              Drake Batherson          Nick Foligno             50     0   1  4  

PowerPlay Defense
   Defense                  Defense                                           Time % Phy DF OF 
 1 John Carlson             Marco Rossi                                       50     0   2  3  
 2 Tyler Myers              Jason Robertson                                   50     0   2  3  

Penalty Kill 4 Players Forward 
   Center                   Wing                     Time % Phy DF OF 
 1 Shane Pinto              Tom Wilson               50     0   4  1  
 2 Frederick Gaudreau       Nick Foligno             50     0   4  1  

Penalty Kill 4 Players Defense
   Defense                  Defense                  Time % Phy DF OF 
 1 John Carlson             Jamie Oleksiak           50     1   4  0  
 2 Tyler Myers              Ian Cole                 50     1   4  0  

Penalty Kill - 3 Players Forward 
   Forward                                           Time % Phy DF OF 
 1 Shane Pinto                                       50     0   5  0  
 2 Frederick Gaudreau                                50     1   2  2  

Penalty Kill - 3 Players Defense
   Defense                  Defense                  Time % Phy DF OF 
 1 John Carlson             Nikita Zadorov           50     1   4  0  
 2 Tyler Myers              Ian Cole                 50     1   4  0  

4 vs 4 Forward 
   Center                   Wing                     Time % Phy DF OF 
 1 Shane Pinto              Alex Ovechkin            50     1   1  3  
 2 Tomas Hertl              Jason Robertson          50     1   1  3  

4 vs 4 Defense
   Defense                  Defense                  Time % Phy DF OF 
 1 John Carlson             Jamie Oleksiak           50     1   2  2  
 2 Tyler Myers              Nick Jensen              50     1   2  2  

Last Minutes Offensive
   Center                   Left Wing                Right Wing               Defense                  Defense                  
   Tomas Hertl              Alex Ovechkin            Tom Wilson               John Carlson             Jason Robertson          

Last Minutes Defensive
   Center                   Left Wing                Right Wing               Defense                  Defense                  
   Shane Pinto              Frederick Gaudreau       Nick Foligno             Ian Cole                 Jamie Oleksiak           

Goaltenders
Starting : Jake Oettinger           
Backup : Casey DeSmith            

Extra Forwards
Normal : Sean Kuraly, Lars Eller, Stefan Noesen - PP : Stefan Noesen, Frederick Gaudreau - PK : Sean Kuraly
Extra Defensemen
Normal : Nikita Zadorov, Nick Jensen, Ian Cole - PP : Nick Jensen - PK : Nick Jensen, Nikita Zadorov
Penalty Shots
Jason Robertson, Frederick Gaudreau, Lars Eller, Alex Ovechkin, Drake Batherson

Scratches
Noah Warren (Healthy), Fabian Zetterlund (Healthy)

% Time on Ice - Vegas Golden Knights

Lines # - Real PCT - Wanted PCT - Time Play
Normal Forward
1 - 23% - 30% - 11:02
2 - 33% - 30% - 15:28
3 - 25% - 25% - 11:55
4 - 19% - 15% - 8:45
Normal Defense
1 - 38% - 35% - 17:57
2 - 31% - 35% - 14:29
3 - 31% - 30% - 14:44
4 - 0% - 0% - 0:00
PP Forward
1 - 45% - 50% - 2:10
2 - 55% - 50% - 2:38
PP Defense
1 - 50% - 50% - 2:25
2 - 50% - 50% - 2:23
PK Forward
1 - 50% - 50% - 2:27
2 - 50% - 50% - 2:27
PK Defense
1 - 28% - 50% - 1:22
2 - 72% - 50% - 3:32
PK3 Forward
1 - 0% - 50%
2 - 0% - 50%
PK3 Defense
1 - 0% - 50%
2 - 0% - 50%
44 Forward
1 - 52% - 50% - 1:37
2 - 48% - 50% - 1:31
44 Defense
1 - 44% - 50% - 1:22
2 - 56% - 50% - 1:46
Last Minute Offensive  - 0:00
Last Minute Defensive  - 0:00
Total
Forward - 60:00
Defense - 60:00

% Time on Ice - Washington Capitals

Lines # - Real PCT - Wanted PCT - Time Play
Normal Forward
1 - 29% - 30% - 13:30
2 - 34% - 29% - 16:14
3 - 23% - 28% - 10:44
4 - 14% - 13% - 6:42
Normal Defense
1 - 40% - 37% - 19:00
2 - 28% - 34% - 13:14
3 - 32% - 29% - 14:56
4 - 0% - 0% - 0:00
PP Forward
1 - 74% - 50% - 3:39
2 - 26% - 50% - 1:15
PP Defense
1 - 61% - 50% - 2:59
2 - 39% - 50% - 1:55
PK Forward
1 - 53% - 50% - 2:32
2 - 47% - 50% - 2:16
PK Defense
1 - 44% - 50% - 2:07
2 - 56% - 50% - 2:41
PK3 Forward
1 - 0% - 50%
2 - 0% - 50%
PK3 Defense
1 - 0% - 50%
2 - 0% - 50%
44 Forward
1 - 48% - 50% - 1:31
2 - 52% - 50% - 1:37
44 Defense
1 - 47% - 50% - 1:29
2 - 53% - 50% - 1:39
Last Minute Offensive  - 0:00
Last Minute Defensive  - 0:00
Total
Forward - 60:00
Defense - 60:00

Play-by-Play

1st period


0:01 of 1st period - Shane Pinto wins face-off versus Mika Zibanejad in neutral zone.
0:11 of 1st period - Snap shot by Auston Matthews.
0:11 of 1st period - Stopped by Jake Oettinger without a rebound.
0:12 of 1st period - Tomas Hertl wins face-off versus Tyler Toffoli in Washington Capitals zone.
0:17 of 1st period - Thomas Chabot is hit by Jason Robertson and loses puck.
0:34 of 1st period - Minor Penalty to Sean Monahan for Tripping.
0:35 of 1st period - Shane Pinto wins face-off versus Jordan Staal in Vegas Golden Knights zone.
0:38 of 1st period - Snap shot by Shane Pinto.
0:38 of 1st period - Goal by Shane Pinto - Vegas Golden Knights : 0 - Washington Capitals : 1.
0:39 of 1st period - Jordan Staal wins face-off versus Marco Rossi in neutral zone.
1:11 of 1st period - Off-side.
1:12 of 1st period - Shane Pinto wins face-off versus Mika Zibanejad in neutral zone.
1:25 of 1st period - Snap shot by Tom Wilson.
1:25 of 1st period - Shot Blocked by Roman Josi.
1:45 of 1st period - Slapshot by Mathew Barzal.
1:45 of 1st period - Shot Blocked by Nick Foligno.
1:47 of 1st period - Snap shot by Jordan Staal.
1:47 of 1st period - Stopped by Jake Oettinger without a rebound.
1:48 of 1st period - Sean Monahan wins face-off versus Marco Rossi in Washington Capitals zone.
1:53 of 1st period - Snap shot by Tyler Toffoli.
1:53 of 1st period - Shot Blocked by Tyler Myers.
1:56 of 1st period - Icing by Marco Rossi.
1:57 of 1st period - Sean Monahan wins face-off versus Marco Rossi in Washington Capitals zone.
2:02 of 1st period - Wrist shot by Tyler Toffoli.
2:02 of 1st period - Stopped by Jake Oettinger with a rebound.
2:18 of 1st period - Slapshot by Sean Monahan.
2:18 of 1st period - Stopped by Jake Oettinger with a rebound.
2:41 of 1st period - Snap shot by Sean Monahan.
2:41 of 1st period - Shot Misses the Net.
3:55 of 1st period - Wrist shot by Marco Rossi.
3:55 of 1st period - Stopped by Philipp Grubauer with a rebound.
4:07 of 1st period - Wrist shot by Marco Rossi.
4:07 of 1st period - Shot Misses the Net.
4:09 of 1st period - Slapshot by Ian Cole.
4:09 of 1st period - Goal by Ian Cole - Vegas Golden Knights : 0 - Washington Capitals : 2.
4:10 of 1st period - Auston Matthews wins face-off versus Tomas Hertl in neutral zone.
5:23 of 1st period - Slapshot by Bryan Rust.
5:23 of 1st period - Shot Misses the Net.
6:08 of 1st period - Off-side.
6:09 of 1st period - Mika Zibanejad wins face-off versus Tomas Hertl in neutral zone.
6:12 of 1st period - Snap shot by Auston Matthews.
6:12 of 1st period - Stopped by Jake Oettinger with a rebound.
6:38 of 1st period - Snap shot by Alex Ovechkin.
6:38 of 1st period - Shot Blocked by Zach Bogosian.
6:40 of 1st period - Snap shot by Tyler Myers.
6:40 of 1st period - Shot Misses the Net.
6:42 of 1st period - Slapshot by Shane Pinto.
6:42 of 1st period - Goal by Shane Pinto - Vegas Golden Knights : 0 - Washington Capitals : 3.
6:43 of 1st period - Shane Pinto wins face-off versus Jordan Staal in neutral zone.
6:46 of 1st period - Wrist shot by Tom Wilson.
6:46 of 1st period - Stopped by Philipp Grubauer with a rebound.
6:52 of 1st period - Snap shot by Alex Ovechkin.
6:52 of 1st period - Stopped by Philipp Grubauer with a rebound.
6:54 of 1st period - Snap shot by Tom Wilson.
6:54 of 1st period - Stopped by Philipp Grubauer with a rebound.
7:49 of 1st period - Icing by Sean Kuraly.
7:50 of 1st period - Lars Eller wins face-off versus Sean Monahan in Washington Capitals zone.
7:54 of 1st period - Off-side.
7:55 of 1st period - Shane Pinto wins face-off versus Sean Monahan in neutral zone.
8:08 of 1st period - Snap shot by Alex Ovechkin.
8:08 of 1st period - Shot Misses the Net.
8:25 of 1st period - Slapshot by Sean Monahan.
8:25 of 1st period - Stopped by Jake Oettinger without a rebound.
8:26 of 1st period - Tomas Hertl wins face-off versus Jordan Staal in Washington Capitals zone.
8:39 of 1st period - Snap shot by Jordan Staal.
8:39 of 1st period - Shot Blocked by Tyler Myers.
8:52 of 1st period - Minor Penalty to Zach Bogosian for Cross-checking.
8:53 of 1st period - Tomas Hertl wins face-off versus Andreas Athanasiou in Vegas Golden Knights zone.
9:05 of 1st period - Off-side.
9:06 of 1st period - Jordan Staal wins face-off versus Shane Pinto in neutral zone.
9:09 of 1st period - Shane Pinto is hit by Roman Josi and loses puck.
10:52 of 1st period - Penalty to Zach Bogosian is over, Zach Bogosian is back on ice.
11:33 of 1st period - Wrist shot by Tyler Toffoli.
11:33 of 1st period - Deflect By Jared McCann.
11:33 of 1st period - Shot Blocked by Nikita Zadorov.
11:33 of 1st period - Puck is out of play.
11:34 of 1st period - Jordan Staal wins face-off versus Shane Pinto in Washington Capitals zone.
11:59 of 1st period - Ian Cole is hit by Bryan Rust and loses puck.
12:05 of 1st period - Minor Penalty to Tyler Myers for Interference.
12:06 of 1st period - Frederick Gaudreau wins face-off versus Bryan Rust in Washington Capitals zone.
12:06 of 1st period - Frederick Gaudreau is hit by Mika Zibanejad.
13:53 of 1st period - Icing by Sean Monahan.
13:54 of 1st period - Tyler Toffoli wins face-off versus Sean Kuraly in Vegas Golden Knights zone.
14:05 of 1st period - Penalty to Tyler Myers is over, Tyler Myers is back on ice.
14:17 of 1st period - Thomas Chabot is hit by Lars Eller and loses puck.
14:46 of 1st period - Tyler Toffoli is hit by Tomas Hertl and loses puck.
14:58 of 1st period - Icing by Jared McCann.
14:59 of 1st period - Sean Monahan wins face-off versus Marco Rossi in Vegas Golden Knights zone.
15:38 of 1st period - Snap shot by Frederick Gaudreau.
15:38 of 1st period - Stopped by Philipp Grubauer with a rebound.
15:40 of 1st period - Wrist shot by Marco Rossi.
15:40 of 1st period - Shot Misses the Net.
15:42 of 1st period - Slapshot by Ian Cole.
15:42 of 1st period - Deflect By Marco Rossi.
15:42 of 1st period - Shot Blocked by Bryan Rust.
15:42 of 1st period - Puck is out of play.
15:43 of 1st period - Jordan Staal wins face-off versus Shane Pinto in Vegas Golden Knights zone.
15:43 of 1st period - Jordan Staal is hit by Tom Wilson.
15:48 of 1st period - Jordan Staal is hit by Shane Pinto.
16:10 of 1st period - Slapshot by Tomas Hertl.
16:10 of 1st period - Stopped by Philipp Grubauer without a rebound.
16:11 of 1st period - Andreas Athanasiou wins face-off versus Jason Robertson in Vegas Golden Knights zone.
16:22 of 1st period - Snap shot by Jason Robertson.
16:22 of 1st period - Shot Misses the Net.
16:28 of 1st period - Wrist shot by Jason Robertson.
16:28 of 1st period - Stopped by Philipp Grubauer with a rebound.
16:30 of 1st period - Slapshot by Jamie Oleksiak.
16:30 of 1st period - Shot Misses the Net.
16:46 of 1st period - Snap shot by Anthony Mantha.
16:46 of 1st period - Stopped by Jake Oettinger without a rebound.
16:47 of 1st period - Mika Zibanejad wins face-off versus Shane Pinto in Washington Capitals zone.
17:02 of 1st period - Snap shot by Alex Ovechkin.
17:02 of 1st period - Stopped by Philipp Grubauer with a rebound.
17:04 of 1st period - Snap shot by Tom Wilson.
17:04 of 1st period - Shot Blocked by Mika Zibanejad.
17:14 of 1st period - Frederick Gaudreau is hit by Jordan Staal and loses puck.
17:19 of 1st period - Wrist shot by Mathew Barzal.
17:19 of 1st period - Shot Misses the Net.
17:21 of 1st period - Slapshot by Roman Josi.
17:21 of 1st period - Shot Misses the Net.
17:23 of 1st period - Slapshot by Reilly Smith.
17:23 of 1st period - Stopped by Jake Oettinger with a rebound.
17:25 of 1st period - Slapshot by Jordan Staal.
17:25 of 1st period - Stopped by Jake Oettinger without a rebound.
17:26 of 1st period - Sean Monahan wins face-off versus Shane Pinto in Washington Capitals zone.
17:35 of 1st period - Snap shot by Tyler Toffoli.
17:35 of 1st period - Stopped by Jake Oettinger with a rebound.
17:37 of 1st period - Snap shot by Tyler Toffoli.
17:37 of 1st period - Shot Blocked by Nikita Zadorov.
18:46 of 1st period - Snap shot by Frederick Gaudreau.
18:46 of 1st period - Stopped by Philipp Grubauer with a rebound.
19:19 of 1st period - Icing by Tomas Hertl.
19:20 of 1st period - Tomas Hertl wins face-off versus Andreas Athanasiou in Washington Capitals zone.
19:49 of 1st period - Slapshot by Bryan Rust.
19:49 of 1st period - Stopped by Jake Oettinger without a rebound.
19:50 of 1st period - Marco Rossi wins face-off versus Mika Zibanejad in Washington Capitals zone.
Goals for this period are 0 for Vegas Golden Knights vs 3 for Washington Capitals.
Shots for this period are 11 for Vegas Golden Knights vs 12 for Washington Capitals.

2nd period


0:01 of 2nd period - Shane Pinto wins face-off versus Mika Zibanejad in neutral zone.
0:37 of 2nd period - Backhand shot by Jason Robertson.
0:37 of 2nd period - Shot Misses the Net.
1:20 of 2nd period - Auston Matthews is hit by Nikita Zadorov and loses puck.
1:35 of 2nd period - Wrist shot by Andreas Athanasiou.
1:35 of 2nd period - Shot Blocked by Shane Pinto.
1:58 of 2nd period - Wrist shot by Tyler Toffoli.
1:58 of 2nd period - Stopped by Jake Oettinger without a rebound.
1:59 of 2nd period - Mika Zibanejad wins face-off versus Tomas Hertl in Washington Capitals zone.
2:30 of 2nd period - Wrist shot by Tomas Hertl.
2:30 of 2nd period - Shot Blocked by Zach Bogosian.
2:32 of 2nd period - Slapshot by Nick Jensen.
2:32 of 2nd period - Deflect By Bryan Rust.
2:32 of 2nd period - Stopped by Philipp Grubauer with a rebound.
2:34 of 2nd period - Wrist shot by Nikita Zadorov.
2:34 of 2nd period - Shot Hit the Post.
2:48 of 2nd period - Slapshot by Jason Robertson.
2:48 of 2nd period - Stopped by Philipp Grubauer without a rebound.
2:49 of 2nd period - Sean Monahan wins face-off versus Shane Pinto in Vegas Golden Knights zone.
3:20 of 2nd period - Backhand shot by Stefan Noesen.
3:20 of 2nd period - Stopped by Philipp Grubauer without a rebound.
3:21 of 2nd period - Marco Rossi wins face-off versus Mathew Barzal in Vegas Golden Knights zone.
3:30 of 2nd period - Slapshot by Frederick Gaudreau.
3:30 of 2nd period - Goal by Frederick Gaudreau - Vegas Golden Knights : 0 - Washington Capitals : 4.
3:31 of 2nd period - Sean Monahan wins face-off versus Shane Pinto in neutral zone.
3:34 of 2nd period - John Carlson is hit by Jared McCann.
3:39 of 2nd period - Off-side.
3:40 of 2nd period - Shane Pinto wins face-off versus Sean Monahan in neutral zone.
4:07 of 2nd period - Snap shot by Tyler Toffoli.
4:07 of 2nd period - Shot Misses the Net.
4:17 of 2nd period - Alex Ovechkin is hit by Sean Monahan and loses puck.
4:24 of 2nd period - Jack Johnson is hit by Tom Wilson and loses puck.
4:49 of 2nd period - Alex Ovechkin is hit by Sean Monahan and loses puck.
5:02 of 2nd period - Slapshot by Tom Wilson.
5:02 of 2nd period - Shot Misses the Net.
5:21 of 2nd period - Off-side.
5:22 of 2nd period - Jordan Staal wins face-off versus Marco Rossi in neutral zone.
5:33 of 2nd period - Wrist shot by Jordan Staal.
5:33 of 2nd period - Stopped by Jake Oettinger with a rebound.
5:35 of 2nd period - Slapshot by Reilly Smith.
5:35 of 2nd period - Deflect By Stefan Noesen.
5:35 of 2nd period - Shot Misses the Net.
5:35 of 2nd period - Puck is out of play.
5:36 of 2nd period - Mika Zibanejad wins face-off versus Nick Foligno in Washington Capitals zone.
5:37 of 2nd period - Wrist shot by Bryan Rust.
5:37 of 2nd period - Shot Misses the Net.
6:07 of 2nd period - Snap shot by Andreas Athanasiou.
6:07 of 2nd period - Goal by Andreas Athanasiou - Vegas Golden Knights : 1 - Washington Capitals : 4.
6:08 of 2nd period - Jordan Staal wins face-off versus Marco Rossi in neutral zone.
6:15 of 2nd period - Backhand shot by Jordan Staal.
6:15 of 2nd period - Shot Misses the Net.
6:17 of 2nd period - Backhand shot by Reilly Smith.
6:17 of 2nd period - Stopped by Jake Oettinger without a rebound.
6:18 of 2nd period - Jordan Staal wins face-off versus Marco Rossi in Washington Capitals zone.
6:21 of 2nd period - Wrist shot by Jordan Staal.
6:21 of 2nd period - Shot Blocked by Nikita Zadorov.
6:23 of 2nd period - Wrist shot by Jordan Staal.
6:23 of 2nd period - Shot Blocked by Nick Jensen.
6:25 of 2nd period - Slapshot by Travis Hamonic.
6:25 of 2nd period - Shot Misses the Net.
6:27 of 2nd period - Slapshot by Thomas Chabot.
6:27 of 2nd period - Shot Blocked by Marco Rossi.
6:35 of 2nd period - Snap shot by Mathew Barzal.
6:35 of 2nd period - Shot Blocked by Nikita Zadorov.
6:47 of 2nd period - Reilly Smith is hit by Nikita Zadorov and loses puck.
7:00 of 2nd period - Travis Hamonic is hit by Stefan Noesen and loses puck.
7:32 of 2nd period - Wrist shot by Marco Rossi.
7:32 of 2nd period - Deflect By Stefan Noesen.
7:32 of 2nd period - Stopped by Philipp Grubauer with a rebound.
7:45 of 2nd period - Off-side.
7:46 of 2nd period - Tomas Hertl wins face-off versus Mika Zibanejad in neutral zone.
8:13 of 2nd period - Zach Bogosian is hit by Tom Wilson and loses puck.
8:36 of 2nd period - Jamie Oleksiak is hit by Zach Bogosian and loses puck.
8:49 of 2nd period - Jamie Oleksiak is hit by Erik Johnson and loses puck.
9:47 of 2nd period - Lars Eller is hit by Anthony Mantha and loses puck.
10:26 of 2nd period - Tom Wilson is hit by Zach Bogosian and loses puck.
10:59 of 2nd period - Snap shot by Tyler Toffoli.
10:59 of 2nd period - Stopped by Jake Oettinger with a rebound.
11:26 of 2nd period - Thomas Chabot is hit by Jason Robertson and loses puck.
11:30 of 2nd period - Icing by Anthony Mantha.
11:31 of 2nd period - Tomas Hertl wins face-off versus Andreas Athanasiou in Vegas Golden Knights zone.
11:32 of 2nd period - Snap shot by Jason Robertson.
11:32 of 2nd period - Deflect By Tomas Hertl.
11:32 of 2nd period - Deflect By Andreas Athanasiou.
11:32 of 2nd period - Shot Misses the Net.
11:32 of 2nd period - Puck is out of play.
11:33 of 2nd period - Mika Zibanejad wins face-off versus Tomas Hertl in Vegas Golden Knights zone.
11:50 of 2nd period - Slapshot by Tomas Hertl.
11:50 of 2nd period - Shot Misses the Net.
12:08 of 2nd period - Wrist shot by Frederick Gaudreau.
12:08 of 2nd period - Deflect By Erik Johnson.
12:08 of 2nd period - Stopped by Philipp Grubauer without a rebound.
12:09 of 2nd period - Sean Monahan wins face-off versus Marco Rossi in Vegas Golden Knights zone.
13:40 of 2nd period - Snap shot by Bryan Rust.
13:40 of 2nd period - Stopped by Jake Oettinger with a rebound.
13:56 of 2nd period - Alex Ovechkin is hit by Tyler Toffoli and loses puck.
14:11 of 2nd period - Snap shot by Tom Wilson.
14:11 of 2nd period - Shot Misses the Net.
14:13 of 2nd period - Slapshot by Tyler Myers.
14:13 of 2nd period - Shot Misses the Net.
14:55 of 2nd period - Wrist shot by Tom Wilson.
14:55 of 2nd period - Shot Misses the Net.
14:57 of 2nd period - Slapshot by Ian Cole.
14:57 of 2nd period - Shot Blocked by Jack Johnson.
14:59 of 2nd period - Wrist shot by Tom Wilson.
14:59 of 2nd period - Stopped by Philipp Grubauer without a rebound.
15:00 of 2nd period - Tomas Hertl wins face-off versus Bryan Rust in Vegas Golden Knights zone.
15:05 of 2nd period - Slapshot by Tomas Hertl.
15:05 of 2nd period - Shot Blocked by Zach Bogosian.
15:27 of 2nd period - Marco Rossi is hit by Sean Monahan.
15:53 of 2nd period - Slapshot by Sean Kuraly.
15:53 of 2nd period - Deflect By Lars Eller.
15:53 of 2nd period - Stopped by Philipp Grubauer without a rebound.
15:54 of 2nd period - Andreas Athanasiou wins face-off versus Lars Eller in Vegas Golden Knights zone.
16:06 of 2nd period - Snap shot by Anthony Mantha.
16:06 of 2nd period - Shot Misses the Net.
16:08 of 2nd period - Slapshot by Roman Josi.
16:08 of 2nd period - Stopped by Jake Oettinger without a rebound.
16:09 of 2nd period - Tomas Hertl wins face-off versus Mika Zibanejad in Washington Capitals zone.
16:15 of 2nd period - Off-side.
16:16 of 2nd period - Mika Zibanejad wins face-off versus Tomas Hertl in neutral zone.
16:19 of 2nd period - Tyler Myers is hit by Mika Zibanejad and loses puck.
16:26 of 2nd period - Snap shot by Mika Zibanejad.
16:26 of 2nd period - Stopped by Jake Oettinger with a rebound.
16:28 of 2nd period - Wrist shot by Mika Zibanejad.
16:28 of 2nd period - Stopped by Jake Oettinger with a rebound.
16:44 of 2nd period - Wrist shot by Jared McCann.
16:44 of 2nd period - Shot Misses the Net.
16:56 of 2nd period - Wrist shot by Jason Robertson.
16:56 of 2nd period - Stopped by Philipp Grubauer with a rebound.
16:58 of 2nd period - Wrist shot by Tomas Hertl.
16:58 of 2nd period - Stopped by Philipp Grubauer with a rebound.
17:00 of 2nd period - Wrist shot by Tomas Hertl.
17:00 of 2nd period - Shot Misses the Net.
17:02 of 2nd period - Snap shot by Nick Foligno.
17:02 of 2nd period - Stopped by Philipp Grubauer without a rebound.
17:03 of 2nd period - Marco Rossi wins face-off versus Mika Zibanejad in Vegas Golden Knights zone.
18:10 of 2nd period - Snap shot by Sean Monahan.
18:10 of 2nd period - Stopped by Jake Oettinger with a rebound.
18:28 of 2nd period - Nick Foligno is hit by Bryan Rust and loses puck.
18:54 of 2nd period - Minor Penalty to Ian Cole for Tripping.
18:55 of 2nd period - Shane Pinto wins face-off versus Tyler Toffoli in Washington Capitals zone.
18:55 of 2nd period - Shane Pinto is hit by Sean Monahan.
19:25 of 2nd period - Minor Penalty to Mika Zibanejad for Cross-checking.
19:26 of 2nd period - Shane Pinto wins face-off versus Sean Monahan in Vegas Golden Knights zone.
19:28 of 2nd period - Snap shot by Shane Pinto.
19:28 of 2nd period - Shot Blocked by Auston Matthews.
19:53 of 2nd period - Off-side.
19:54 of 2nd period - Sean Monahan wins face-off versus Tomas Hertl in neutral zone.
Goals for this period are 1 for Vegas Golden Knights vs 1 for Washington Capitals.
Shots for this period are 10 for Vegas Golden Knights vs 11 for Washington Capitals.

3rd period


0:01 of 3rd period - Sean Monahan wins face-off versus Tomas Hertl in neutral zone.
0:10 of 3rd period - Snap shot by Bryan Rust.
0:10 of 3rd period - Shot Misses the Net.
0:12 of 3rd period - Slapshot by Bryan Rust.
0:12 of 3rd period - Stopped by Jake Oettinger without a rebound.
0:13 of 3rd period - Sean Monahan wins face-off versus Shane Pinto in Washington Capitals zone.
0:26 of 3rd period - Tyler Myers is hit by Thomas Chabot and loses puck.
0:54 of 3rd period - Penalty to Ian Cole is over, Ian Cole is back on ice.
1:14 of 3rd period - Wrist shot by Jordan Staal.
1:14 of 3rd period - Goal by Jordan Staal - Vegas Golden Knights : 2 - Washington Capitals : 4.
1:15 of 3rd period - Shane Pinto wins face-off versus Andreas Athanasiou in neutral zone.
1:18 of 3rd period - Andreas Athanasiou is hit by Shane Pinto and loses puck.
1:25 of 3rd period - Penalty to Mika Zibanejad is over, Mika Zibanejad is back on ice.
1:49 of 3rd period - Off-side.
1:50 of 3rd period - Mika Zibanejad wins face-off versus Shane Pinto in neutral zone.
1:53 of 3rd period - Wrist shot by Auston Matthews.
1:53 of 3rd period - Stopped by Jake Oettinger without a rebound.
1:54 of 3rd period - Mika Zibanejad wins face-off versus Shane Pinto in Washington Capitals zone.
2:16 of 3rd period - Minor Penalty to Mika Zibanejad for Interference.
2:17 of 3rd period - Tomas Hertl wins face-off versus Andreas Athanasiou in Vegas Golden Knights zone.
2:18 of 3rd period - Slapshot by Drake Batherson.
2:18 of 3rd period - Goal by Drake Batherson - Vegas Golden Knights : 2 - Washington Capitals : 5.
2:19 of 3rd period - Mika Zibanejad wins face-off versus Tomas Hertl in neutral zone.
2:22 of 3rd period - Wrist shot by Bryan Rust.
2:22 of 3rd period - Shot Misses the Net.
3:00 of 3rd period - Icing by Reilly Smith.
3:01 of 3rd period - Marco Rossi wins face-off versus Jordan Staal in Vegas Golden Knights zone.
3:07 of 3rd period - Icing by Reilly Smith.
3:08 of 3rd period - Jordan Staal wins face-off versus Marco Rossi in Vegas Golden Knights zone.
3:26 of 3rd period - Wrist shot by Mathew Barzal.
3:26 of 3rd period - Shot Misses the Net.
3:33 of 3rd period - Minor Penalty to Ian Cole for Holding Stick.
3:34 of 3rd period - Frederick Gaudreau wins face-off versus Mika Zibanejad in Washington Capitals zone.
4:04 of 3rd period - Slapshot by Mika Zibanejad.
4:04 of 3rd period - Stopped by Jake Oettinger with a rebound.
5:33 of 3rd period - Penalty to Ian Cole is over, Ian Cole is back on ice.
5:44 of 3rd period - Slapshot by Frederick Gaudreau.
5:44 of 3rd period - Shot Blocked by Mathieu Olivier.
5:46 of 3rd period - Slapshot by Ian Cole.
5:46 of 3rd period - Stopped by Philipp Grubauer with a rebound.
5:48 of 3rd period - Wrist shot by Jamie Oleksiak.
5:48 of 3rd period - Deflect By Mathieu Olivier.
5:48 of 3rd period - Stopped by Philipp Grubauer with a rebound.
5:50 of 3rd period - Slapshot by Ian Cole.
5:50 of 3rd period - Shot Misses the Net.
5:52 of 3rd period - Wrist shot by Ian Cole.
5:52 of 3rd period - Shot Misses the Net.
6:02 of 3rd period - Snap shot by Frederick Gaudreau.
6:02 of 3rd period - Shot Misses the Net.
6:20 of 3rd period - Slapshot by John Carlson.
6:20 of 3rd period - Stopped by Philipp Grubauer without a rebound.
6:21 of 3rd period - Lars Eller wins face-off versus Sean Monahan in Vegas Golden Knights zone.
6:22 of 3rd period - Snap shot by Drake Batherson.
6:22 of 3rd period - Stopped by Philipp Grubauer with a rebound.
6:24 of 3rd period - Slapshot by Nick Jensen.
6:24 of 3rd period - Stopped by Philipp Grubauer with a rebound.
6:26 of 3rd period - Slapshot by Nick Jensen.
6:26 of 3rd period - Shot Blocked by Zach Bogosian.
6:28 of 3rd period - Wrist shot by Drake Batherson.
6:28 of 3rd period - Stopped by Philipp Grubauer without a rebound.
6:29 of 3rd period - Sean Monahan wins face-off versus Lars Eller in Vegas Golden Knights zone.
6:31 of 3rd period - Minor Penalty to Zach Bogosian for Slashing.
6:32 of 3rd period - Andreas Athanasiou wins face-off versus Shane Pinto in Vegas Golden Knights zone.
6:50 of 3rd period - Minor Penalty to Tyler Myers for Roughing.
6:51 of 3rd period - Sean Monahan wins face-off versus Shane Pinto in Washington Capitals zone.
6:56 of 3rd period - Snap shot by Sean Monahan.
6:56 of 3rd period - Shot Misses the Net.
7:18 of 3rd period - John Carlson is hit by Mika Zibanejad and loses puck.
8:31 of 3rd period - Penalty to Zach Bogosian is over, Zach Bogosian is back on ice.
8:50 of 3rd period - Penalty to Tyler Myers is over, Tyler Myers is back on ice.
9:09 of 3rd period - Sean Monahan is hit by Tyler Myers and loses puck.
9:30 of 3rd period - Bryan Rust is hit by Tyler Myers.
10:07 of 3rd period - Snap shot by Bryan Rust.
10:07 of 3rd period - Shot Blocked by Jamie Oleksiak.
10:27 of 3rd period - Roman Josi is hit by Frederick Gaudreau and loses puck.
11:07 of 3rd period - Slapshot by Bryan Rust.
11:07 of 3rd period - Shot Misses the Net.
12:46 of 3rd period - Sean Monahan is hit by Jamie Oleksiak and loses puck.
13:17 of 3rd period - Snap shot by Tyler Myers.
13:17 of 3rd period - Stopped by Philipp Grubauer without a rebound.
13:18 of 3rd period - Shane Pinto wins face-off versus Jordan Staal in Vegas Golden Knights zone.
13:31 of 3rd period - Snap shot by Tom Wilson.
13:31 of 3rd period - Stopped by Philipp Grubauer with a rebound.
13:33 of 3rd period - Slapshot by Nikita Zadorov.
13:33 of 3rd period - Stopped by Philipp Grubauer with a rebound.
13:35 of 3rd period - Backhand shot by Nikita Zadorov.
13:35 of 3rd period - Deflect By Shane Pinto.
13:35 of 3rd period - Shot Misses the Net.
13:35 of 3rd period - Puck is out of play.
13:36 of 3rd period - Lars Eller wins face-off versus Mathieu Olivier in Vegas Golden Knights zone.
14:08 of 3rd period - Jordan Staal is hit by Nick Jensen and loses puck.
14:20 of 3rd period - Shane Pinto is hit by Jordan Staal and loses puck.
14:31 of 3rd period - Lars Eller is hit by Mathieu Olivier and loses puck.
15:12 of 3rd period - Drake Batherson is hit by Jack Johnson and loses puck.
15:43 of 3rd period - Minor Penalty to Mika Zibanejad for Holding Stick.
15:44 of 3rd period - Shane Pinto wins face-off versus Mathieu Olivier in Vegas Golden Knights zone.
16:19 of 3rd period - Erik Johnson is hit by Nick Jensen and loses puck.
17:43 of 3rd period - Penalty to Mika Zibanejad is over, Mika Zibanejad is back on ice.
17:51 of 3rd period - Snap shot by Auston Matthews.
17:51 of 3rd period - Deflect By Anthony Mantha.
17:51 of 3rd period - Shot Misses the Net.
17:51 of 3rd period - Puck is out of play.
17:52 of 3rd period - Anthony Mantha wins face-off versus Lars Eller in Washington Capitals zone.
18:05 of 3rd period - Nick Jensen is hit by Jack Johnson and loses puck.
19:24 of 3rd period - Icing by Jason Robertson.
19:25 of 3rd period - Shane Pinto wins face-off versus Tyler Toffoli in Washington Capitals zone.
Goals for this period are 1 for Vegas Golden Knights vs 1 for Washington Capitals.
Shots for this period are 4 for Vegas Golden Knights vs 10 for Washington Capitals.